 Dungeon Crawl Stone Soup version 0.24-b1 (webtiles) character file.

Game seed: 5405835829510399502, levelgen mode: deterministic

1269 Kohma the Insei (level 8, -6/51 (52) HPs)
             Began as an Octopode Transmuter on Oct 12, 2019.
             Was an Initiate of Sif Muna.
             Mangled by Joseph
             ... wielding a +0 quarterstaff
              (16 damage)
             ... on level 7 of the Dungeon.
             The game lasted 00:29:10 (7177 turns).

Kohma the Insei (Octopode Transmuter)               Turns: 7177, Time: 00:29:11

HP:   -6/51 (52)    AC:  2    Str:  9    XL:     8   Next: 53%
MP:   6/14          EV: 26    Int: 16    God:    Sif Muna [......]
Gold: 361           SH:  0    Dex: 19    Spells: 9/15 levels left

rFire    + . .     SeeInvis .     - Unarmed
rCold    . . .     Gourm    .   (shield currently unavailable)
rNeg     . . .     Faith    .   (helmet currently unavailable)
rPois    .         Spirit   .   h - amulet of regeneration
rElec    .         Reflect  .   o - +4 ring of evasion
rCorr    +         Harm     .   w - ring of resist corrosion
MR       +....                  x - ring of poison resistance
Stlth    ++........             B - ring of protection from fire
HPRegen  0.57/turn              d - ring of protection from magic
MPRegen  0.14/turn              (no ring)
                                (no ring)
                                (no ring)

@: spider-form
A: tiny, almost no armour, stealthy swim, (amphibious), 8 rings, (constrict 8)
a: End Transformation, Renounce Religion


You were on level 7 of the Dungeon.
You worshipped Sif Muna.
Sif Muna was noncommittal.
You were not hungry.
You were a venomous arachnid creature.
You visited 2 branches of the dungeon, and saw 8 of its levels.

You collected 361 gold pieces.

Inventory:

Missiles
 a - 109 arrows
 e - 116 stones
 j - 5 boomerangs
 l - 20 poisoned darts (quivered)
 n - 4 curare-tipped darts
Magical Staves
 s - an uncursed staff of air
Jewellery
 d - a ring of protection from magic (on tentacle)
 h - an amulet of regeneration (around neck)
 o - a +4 ring of evasion (left front leg)
 w - a ring of resist corrosion (right front leg)
 x - a ring of poison resistance (on tentacle)
 B - a ring of protection from fire (on tentacle)
Wands
 v - a wand of enslavement (6)
Scrolls
 b - 6 scrolls of remove curse
 f - 6 scrolls of teleportation
 g - 2 scrolls of enchant weapon
 i - a scroll of fog
 r - a scroll of random uselessness {unknown}
 A - a scroll of magic mapping {unknown}
 D - a scroll of amnesia {unknown}
Potions
 k - a potion of invisibility {unknown}
 m - 2 potions of cancellation
 p - 2 potions of might
 q - 2 potions of curing
 t - 2 potions of mutation {unknown}
 u - 4 potions of lignification {unknown}
 C - a potion of ambrosia {unknown}
Comestibles
 c - 11 rations
 z - 2 chunks of flesh


   Skills:
 + Level 3.0 Fighting
 + Level 3.5 Dodging
 * Level 6.7 Unarmed Combat
 - Level 4.0 Spellcasting
 - Level 5.1 Transmutations
 - Level 3.0 Poison Magic


You had 9 spell levels left.
You knew the following spells:

 Your Spells              Type           Power        Failure   Level  Hunger
a - Beastly Appendage     Tmut           ###...       8%          1    None
b - Sticks to Snakes      Tmut           ###.....     11%         2    ##.....
c - Spider Form           Tmut/Pois      ###.......   24%         3    ###....

Your spell library contained the following spells:

 Spells                   Type           Power        Failure   Level  Hunger
 Blade Hands              Tmut           ###.......   71%         5    ######.
 Ice Form                 Ice/Tmut       ##......     73%         4    ####...


Dungeon Overview and Level Annotations

Branches:
Dungeon (7/15)             Temple (1/1) D:6

Altars:
Ashenzari
Cheibriados
Dithmenos
Gozag
Hepliaklqana
Kikubaaqudgha
Okawaru
Qazlal
Ru
Sif Muna
Trog
Uskayaw
Vehumet
Xom
Yredelemnul
Zin
The Shining One

Annotations:
D:7 Joseph


Innate Abilities, Weirdness & Mutations

You cannot wear most types of armour.
You are very stealthy in the water. (Stealth+)
((You are amphibious.))
You can wear up to eight rings at the same time.
((You can use your tentacles to constrict eight enemies at once.))
((Your skin changes colour to match your surroundings (Stealth+).))
((Your rubbery body absorbs attacks. (AC +1, EV +1)))


Message History

Your tentacle spike disappears.
You turn into a venomous arachnid creature.
Your ball python bites Joseph but does no damage.
Your ball python constricts Joseph.
Joseph closely misses you.
Some of the chunks of flesh in your inventory have rotted away.
You barely miss Joseph.
Joseph is lightly wounded.
Your ball python bites Joseph but does no damage.
Your ball python constricts Joseph.
You bite Joseph!
Joseph is poisoned.
Joseph is moderately wounded.
Joseph hits you with a +0 quarterstaff!
* * * LOW HITPOINT WARNING * * *
Your ball python bites Joseph.
Your ball python constricts Joseph.
Your ball python completely misses Joseph.
You hit Joseph but do no damage.
Joseph looks as sick as possible!
Joseph is moderately wounded.
Your ball python bites Joseph but does no damage.
Your ball python constricts Joseph.
Joseph hits you with a +0 quarterstaff!
You die...

#.........#..###................
##..............................
#........5......................
.....|..####...###.............)
......... #...###..............
#...#...####....####............
##. ##...#.....##.#...#.##......
# ##..#....@S(...######.....#
#.......Ss.....####..#...#
#..........##..#<#........
............#......#######
>..........###.....#......
..........###......#.#####
....###..# ##.....# ..#
#..####...#.# .# #.........."# #
#....##.....# ##


You could see Joseph and 2 friendly ball pythons.

Vanquished Creatures
  Prince Ribbit (D:5)
  A necrophage (D:7)
  2 ogres (D:5)
  2 centaurs
  2 scorpions
  2 crimson imps
  A howler monkey (D:5)
  A centaur skeleton (D:4)
  A jelly (D:5)
  2 bullfrog skeletons
  An orc priest (D:4)
  A hound (D:7)
  An orc wizard (D:5)
  A killer bee zombie (D:7)
  A hound zombie (D:5)
  A hound skeleton (D:6)
  6 gnolls
  8 adders
  A shadow imp (D:6)
  2 worms (D:3)
  3 dart slugs
  2 leopard geckos
  18 orcs
  3 giant cockroaches
  4 goblins
  6 hobgoblins
  14 jackals
  A ball python (D:4)
  3 bats
  4 frilled lizards
  A jackal skeleton (D:4)
  3 kobolds (D:3)
  A leopard gecko skeleton (D:2)
  A quokka skeleton (D:4)
  A rat (D:2)
  A spectral orc (D:4)
104 creatures vanquished.

Vanquished Creatures (collateral kills)
  3 adders
  A leopard gecko (D:4)
4 creatures vanquished.

Vanquished Creatures (others)
  A wizard (D:6)
1 creature vanquished.

Grand Total: 109 creatures vanquished

Notes
Turn   | Place    | Note
-------+----------+-------------------------------------------
     0 | D:1      | Kohma the Octopode Transmuter began the quest for the Orb.
     0 | D:1      | Reached XP level 1. HP: 13/13 MP: 3/3
   307 | D:1      | Reached XP level 2. HP: 18/18 MP: 3/5
   311 | D:1      | Learned a level 2 spell: Sticks to Snakes
   365 | D:1      | Found a shimmering altar of Xom.
   915 | D:2      | Reached skill level 4 in Unarmed Combat
   915 | D:2      | Reached XP level 3. HP: 8/23 MP: 1/6
  1179 | D:2      | Learned a level 3 spell: Spider Form
  1192 | D:2      | Found a glowing golden altar of the Shining One.
  1675 | D:3      | Found a snail-covered altar of Cheibriados.
  2204 | D:3      | Reached XP level 4. HP: 28/28 MP: 7/7
  2308 | D:3      | Found an opulent altar of Gozag.
  2308 | D:3      | Found a shadowy altar of Dithmenos.
  2308 | D:3      | Found an ancient bone altar of Kikubaaqudgha.
  2466 | D:3      | Reached skill level 5 in Unarmed Combat
  2693 | D:3      | Found an opulent altar of Gozag.
  2693 | D:3      | Found a shadowy altar of Dithmenos.
  2693 | D:3      | Found an ancient bone altar of Kikubaaqudgha.
  2819 | D:3      | Found a snail-covered altar of Cheibriados.
  3256 | D:4      | Reached skill level 1 in Poison Magic
  3452 | D:3      | Reached XP level 5. HP: 12/33 MP: 5/8
  3658 | D:4      | Found a hide-covered altar of Uskayaw.
  4023 | D:4      | Reached XP level 6. HP: 23/38 MP: 4/9
  4631 | D:4      | Found a basalt altar of Yredelemnul.
  4687 | D:5      | Entered Level 5 of the Dungeon
  4795 | D:5      | Reached XP level 7. HP: 37/43 MP: 8/11
  4853 | D:5      | Reached skill level 5 in Transmutations
  5722 | D:5      | Noticed Prince Ribbit
  5740 | D:5      | Killed Prince Ribbit
  5740 | D:5      | Reached XP level 8. HP: 12/50 MP: 9/14
  6144 | D:6      | Reached skill level 6 in Unarmed Combat
  6317 | D:6      | Found a staircase to the Ecumenical Temple.
  6327 | Temple   | Entered the Ecumenical Temple
  6403 | Temple   | Became a worshipper of Sif Muna the Loreminder
  6607 | D:6      | Found a bloodstained altar of Trog.
  6610 | D:6      | Noticed a wizard
  6615 | D:6      | Killed a wizard
  7007 | D:7      | Found a shattered altar of Ashenzari.
  7130 | D:7      | Found a basalt altar of Yredelemnul.
  7148 | D:7      | Noticed Joseph
  7177 | D:7      | Mangled by Joseph

Skill      XL: |  1  2  3  4  5  6  7  8 |
---------------+-------------------------+-----
Unarmed Combat | 4 5 6 |  6.7
Poison Magic   | 1 3 |  3.0
Transmutations | 3 4 5 |  5.1
Spellcasting   | 4 |  4.0
Fighting       | 2 3 |  3.0
Dodging        | 3 |  3.5

Action                   |  1- 3 |  4- 6 |  7- 9 || total
-------------------------+-------+-------+-------++-------
Melee: Unarmed           |    45 |   100 |   147 ||   292
       Constrict         |    14 |    18 |    16 ||    48
       Kick              |    14 |    22 |    10 ||    46
       Tentacles         |     7 |    13 |     9 ||    29
       Punch             |       |     4 |     3 ||     7
Throw: Stone             |    24 |     4 |       ||    28
       Boomerang         |    11 |       |       ||    11
       Dart              |     6 |    27 |    13 ||    46
 Cast: Beastly Appendage |    21 |    24 |    12 ||    57
       Sticks to Snakes  |     4 |    19 |     9 ||    32
       Spider Form       |       |     1 |     9 ||    10
  Use: Scroll            |     2 |     6 |     1 ||     9
       Potion            |       |     5 |     1 ||     6
 Stab: Sleeping          |     6 |     1 |     3 ||    10
       Distracted        |       |     2 |       ||     2
  Eat: Chunk             |     4 |     8 |     8 ||    20
       Ration            |       |     1 |       ||     1
Armor: Skin              |     5 |     5 |     8 ||    18
Dodge: Dodged            |    27 |    76 |   120 ||   223
